 Dungeon Crawl Stone Soup version 0.21-a0-426-g98080a9 (webtiles) character file.

86 zorance the Insei (level 4, -2/35 HPs)
             Began as a Draconian Transmuter on Nov 6, 2017.
             Slain by a goblin
             ... wielding a +0 club
             ... led by Robin
              (6 damage)
             ... on level 2 of the Dungeon.
             The game lasted 00:06:09 (1923 turns).

zorance the Insei (Draconian Transmuter)            Turns: 1923, Time: 00:06:10

Health: -2/35      AC:  5    Str: 12    XL:     4   Next: 26%
Magic:  4/7        EV: 12    Int: 14    God:
Gold:   81         SH:  0    Dex: 12    Spells: 4/7 levels left

rFire    x . .     SeeInvis .     - Unarmed
rCold    + . .     Gourm    .   (no shield)
rNeg     . . .     Faith    .   (armour unavailable)
rPois    .         Spirit   .   (helmet restricted)
rElec    .         Reflect  .   (no cloak)
rCorr    .         Harm     .   (no gloves)
MR       .....                  (no boots)
Stlth    +.........             (no amulet)
HPRegen  0.11/turn              i - ring of wizardry
MPRegen  0.10/turn              q - ring of ice

@: lethally poisoned (-2 -> -6)
A: unfitting armour, cold-blooded, AC +5
a: no special abilities


You were on level 2 of the Dungeon.
You were not hungry.

You visited 1 branch of the dungeon, and saw 3 of its levels.

You collected 81 gold pieces.

Inventory:

Missiles
 a - 25 arrows
 e - 44 stones (quivered)
Jewellery
 i - a ring of wizardry (left hand)
 q - a ring of ice (right hand)
Scrolls
 f - 2 scrolls of teleportation {unknown}
 g - a scroll of magic mapping {unknown}
 l - a scroll of remove curse {unknown}
 m - 2 scrolls of random uselessness {unknown}
 o - a scroll of blinking {unknown}
Potions
 d - a potion of heal wounds {unknown}
 h - 2 potions of curing {unknown}
 n - a potion of degeneration {unknown}
Books
 b - a book of Changes

   Spells                             Type                      Level
   a - Beastly Appendage              Transmutation                1
   b - Sticks to Snakes               Transmutation                2
   c - Spider Form                    Transmutation/Poison         3
   d - Ice Form                       Ice/Transmutation            4
   e - Blade Hands                    Transmutation                5
Comestibles
 c - 2 bread rations
 j - a meat ration
 k - a royal jelly
 p - 5 chunks of flesh


   Skills:
 - Level 1.1 Fighting
 - Level 1.7 Dodging
 + Level 4.2 Unarmed Combat
 - Level 2.0 Spellcasting
 + Level 3.5 Transmutations


You had 4 spell levels left.
You knew the following spells:

 Your Spells              Type           Power        Failure   Level  Hunger
a - Beastly Appendage     Tmut           ##....       2%          1    ##.....
b - Sticks to Snakes      Tmut           ##......     3%          2    ###....


Dungeon Overview and Level Annotations

Branches:
Dungeon (3/15)

Altars:

Annotations:
D:2 Robin


Innate Abilities, Weirdness & Mutations

Your plain brown scales are hard. (AC +5)
You cannot fit into any form of body armour.
You are cold-blooded and may be slowed by cold attacks.


Message History

The adder bites you.
* * * LOW HITPOINT WARNING * * *
You are poisoned.
The adder poisons you! The goblin hits you but does no damage.
Your ball python bites the goblin.
The goblin dies!
The goblin hits your ball python.
Your ball python dies!
You swap places.
You feel sick.
The goblin no longer looks unusually strong.
The adder bites you.
* * * LOW HITPOINT WARNING * * *
The goblin hits your adder. The hobgoblin misses your adder.
Your adder bites the goblin.
The goblin is poisoned.
Your adder poisons the goblin!
Robin throws the goblin at you!
The goblin unwields an uncursed club.
The goblin wields an uncursed hunting sling.
The goblin shoots a stone.
The stone hits you but does no damage. The goblin misses your adder.
The goblin hits you with a club.
You die...

...# #......# .#.. ....
#......# ...### ...#
#......# ..... ...#
#......# ...# ...# #. #.
..##### ...# #. #..
####....... ...# #..#..
##........... ...#
#..#<######.g.(gg......
...#
#.........g@S)Sg†......
####
##.#....####.g)#.##....
..# #...........###.## ..
).# #.......###.......#
..# #.#..#### #.........
..# #.#..######.........
..####.##>...............
.....#.#####..............
................#.......


You could see Robin, an adder, 2 hobgoblins, 3 goblins and a friendly adder.

Vanquished Creatures
  An adder (D:2)
  2 oozes
  A worm (D:3)
  A dart slug (D:2)
  2 leopard geckos
  2 ball pythons (D:1)
  4 giant cockroaches
  12 goblins
  4 hobgoblins
  A jackal (D:2)
  6 bats
  4 frilled lizards
  3 kobolds
  8 rats
51 creatures vanquished.

Vanquished Creatures (collateral kills)
  An adder (D:3)
  2 goblins (D:2)
  4 jackals
  A bat (D:2)
  A rat (D:2)
9 creatures vanquished.

Grand Total: 60 creatures vanquished

Notes
Turn   | Place    | Note
-------+----------+-------------------------------------------
     0 | D:1      | zorance the Draconian Transmuter began the quest for the Orb.
     0 | D:1      | Reached XP level 1. HP: 16/16 MP: 3/3
   313 | D:1      | Reached XP level 2. HP: 23/23 MP: 3/5
   320 | D:1      | Learned a level 2 spell: Sticks to Snakes
   540 | D:2      | Reached XP level 3. HP: 28/28 MP: 4/6
   866 | D:1      | You fall through a shaft!
  1378 | D:2      | Reached skill level 4 in Unarmed Combat
  1474 | D:2      | Reached XP level 4. HP: 35/35 MP: 7/7
  1903 | D:2      | Noticed Robin
  1923 | D:2      | Slain by a goblin

Vault maps used:
D:1:      dpeg_arrival_prison, minmay_shallow_snake_nest
D:2:      first_bread, uniq_robin

Skill      XL: |  1  2  3 |
---------------+----------+-----
Transmutations | 3 |  3.5
Unarmed Combat | 4 |  4.2
Fighting       | |  1.1
Dodging        | |  1.7
Spellcasting   | |  2.0

Action                   |  1- 3 |  4- 6 || total
-------------------------+-------+-------++-------
Melee: Unarmed           |   114 |    31 ||   145
       Kick              |    14 |       ||    14
       Tailslap          |    11 |     2 ||    13
       Headbutt          |     2 |       ||     2
       Punch             |     1 |       ||     1
 Cast: Beastly Appendage |    20 |     2 ||    22
       Sticks to Snakes  |     3 |     3 ||     6
 Stab: Sleeping          |     1 |       ||     1
  Eat: Chunk             |     2 |     2 ||     4
Armor: Skin              |    40 |    12 ||    52
Dodge: Dodged            |    80 |    27 ||   107

Table legend:
 A = Spawn XP
 B = Non-spawn XP
 C = Spawn XP percentage of total XP
 D = Spawn monster count
 E = Non-spawn monster count
 F = Spawn count percentage of total count
 G = Total turns spent on level
                    A         B        C        D         E        F      G
               +---------+---------+-------+---------+---------+-------+---------
         Total |       0 |     123 |   0.0 |       0 |      60 |   0.0 |  1923
               +---------+---------+-------+---------+---------+-------+---------
           D:1 |       0 |      52 |   0.0 |       0 |      32 |   0.0 |  1114
           D:2 |       0 |      56 |   0.0 |       0 |      24 |   0.0 |   683
           D:3 |       0 |      15 |   0.0 |       0 |       4 |   0.0 |   126
               +---------+---------+-------+---------+---------+-------+---------
